 Dungeon Crawl Stone Soup version 0.30-a0-972-gf3ab3527aa (webtiles) character file.

Game seed: 15820816985527652426

2510 mopl the Destroyer (level 9, -3/51 HPs)
             Began as an Octopode Hedge Wizard on Mar 31, 2023.
             Slain by Prince Ribbit (18 damage)
             ... on level 7 of the Dungeon.
             The game lasted 00:10:15 (5686 turns).

mopl the Destroyer (Octopode Hedge Wizard)          Turns: 5686, Time: 00:10:15

Health: -3/51      AC:  1    Str: 10    XL:     9   Next: 53%
Magic:  19/21      EV: 18    Int: 20    God:
Gold:   418        SH:  0    Dex: 13    Spells: 13/24 levels left

rFire   . . .      SeeInvis .    a - +2 quick blade (venom)
rCold   . . .      Faith    .    (no shield)
rNeg    . . .      Spirit   .    b - +0 hat
rPois   .          Reflect  .    (no amulet)
rElec   .          Rampage  .    n - ring "Yvalloal" {Will++ EV+5 Dex+2}
rCorr   .                        J - ring of wizardry
Will    ++...                    (no ring)
Stlth   +++                      (no ring)
HPRegen 0.28/turn                (no ring)
MPRegen 0.17/turn                (no ring)
                                 (no ring)
                                 (no ring)

@: no status effects
A: almost no armour, amphibious, 8 rings, camouflage 1, gelatinous body 1,
(nimble swimmer 1), tentacles
a: no special abilities


You were on level 7 of the Dungeon.
You visited 1 branch of the dungeon, and saw 7 of its levels.

You collected 418 gold pieces.

Inventory:

Hand Weapons
 a - a +2 quick blade of venom (weapon)
 i - a +0 dagger of pain
 x - a +2 dagger of electrocution
 z - a +1 rapier of freezing
 A - a +2 dagger of venom
 B - the +3 dagger "Eto Zumm" {heavy, *Slow rElec rPois rN+}
   (You found it on level 4 of the Dungeon)

   rElec:     It insulates you from electricity.
   rPois:     It protects you from poison.
   rN:        It protects you from negative energy.
   *Slow:     It may slow you when you take damage.
Missiles
 e - 11 poisoned darts
 F - 2 throwing nets
 K - 5 javelins
Armour
 b - a +0 hat (worn)
Jewellery
 h - an amulet of faith {!P}
 j - a ring of fire
 n - the ring "Yvalloal" (left tentacle) {Will++ EV+5 Dex+2}
   (You found it on level 2 of the Dungeon)

   [ring of evasion]

   EV:        It affects your evasion (+5).
   Dex:       It affects your dexterity (+2).
   Will:      It greatly increases your willpower.
 J - a ring of wizardry (right tentacle)
Wands
 q - a wand of mindburst (10)
 v - a wand of flame (14)
 y - a wand of polymorph (11)
 E - a wand of roots (9)
 I - a wand of charming (6)
Scrolls
 g - 4 scrolls of immolation {unknown}
 m - 7 scrolls of teleportation {unknown}
 o - a scroll of blinking {unknown}
 s - 2 scrolls of enchant armour {unknown}
 t - a scroll of poison {unknown}
 u - 3 scrolls of vulnerability {unknown}
 w - a scroll of fear {unknown}
 G - a scroll of brand weapon {unknown}
 H - a scroll of fog {unknown}
Potions
 c - a potion of magic
 d - 2 potions of curing
 f - 2 potions of cancellation
 k - a potion of might {unknown}
 l - 3 potions of heal wounds
 p - 4 potions of attraction {unknown}
 r - a potion of resistance
 C - 2 potions of lignification {!q}
 D - 2 potions of haste {unknown}


   Skills:
 - Level 2.0 Dodging
 - Level 2.6 Stealth
 + Level 8.2 Spellcasting
 + Level 8.4 Conjurations
 - Level 1.0 Summonings
 - Level 4.0 Translocations
 + Level 1.7 Transmutations


You had 13 spell levels left.
You knew the following spells:

 Your Spells              Type           Power      Damage    Failure   Level
a - Magic Dart            Conj           100%       1d8       1%          1
c - Mephitic Cloud        Conj/Pois/Air  19%        N/A       3%          3
e - Blink                 Tloc           48%        N/A       1%          2
i - Irradiate             Conj/Tmut      14%        3d16      12%         5

Your spell library contained the following spells:

 Spells                   Type           Power      Damage    Failure   Level
 Wereblood                Tmut           15%        N/A       2%          2
 Slow                     Hex            32%        N/A       3%          1
 Call Imp                 Summ           12%        N/A       3%          2
 Cigotuvi's Dreadful Rot  Necr/Pois/Air  16%        N/A       5%          2
 Summon Lightning Spire   Summ/Air       10%        N/A       26%         4
 Airstrike                Air            4%         2d(1-17)  32%         4
 Anguish                  Hex/Necr       4%         N/A       32%         4
 Agony                    Necr           8%         N/A       65%         5
 Plasma Beam              Fire/Air       4%         2x1d10    65%         5


Dungeon Overview and Level Annotations

Branches:
Dungeon (7/15)
 Temple: D:4-7

Altars:
Cheibriados

Shops:
D:4 [

Annotations:
D:7 Prince Ribbit


Innate Abilities, Weirdness & Mutations

You cannot wear most types of armour.
You are amphibious.
You can wear up to eight rings at the same time.
Your skin changes colour to match your surroundings (Stealth+).
Your rubbery body absorbs attacks. (AC +1, EV +1)
((You are camouflaged when in or above water. (Stealth+)))
You have tentacles for arms and can constrict up to eight enemies at once.


Message History

No target in view!
No target in view!
Found a stone staircase leading down.
Magic restored.
Found a leather armour.
K - 5 javelins Prince Ribbit comes into view.
The magic dart hits Prince Ribbit!
Prince Ribbit is lightly wounded.
Prince Ribbit croaks.
Prince Ribbit blinks!
The magic dart hits Prince Ribbit.
Prince Ribbit is moderately wounded.
You can't see any susceptible monsters within range! (Use Z to cast anyway.)
The magic dart hits Prince Ribbit.
Prince Ribbit is moderately wounded.
Prince Ribbit blinks!
You can't see any susceptible monsters within range! (Use Z to cast anyway.) Prince Ribbit croaks regally.
You hit Prince Ribbit.
Prince Ribbit is poisoned.
Your grab misses Prince Ribbit.
Prince Ribbit is heavily wounded.
Prince Ribbit hits you.
You miss Prince Ribbit. Your grab misses Prince Ribbit.
Prince Ribbit is heavily wounded.
Prince Ribbit hits you!
You barely miss Prince Ribbit. You grab Prince Ribbit.
Prince Ribbit is heavily wounded.
You constrict Prince Ribbit. Prince Ribbit hits you!!
* * * LOW HITPOINT WARNING * * *
You are too injured to fight recklessly!
Casting: Magic Dart (safe; 1% risk of failure)
Confirm with . or Enter, or press ? or * to list all spells.
Aiming: Magic Dart (safe; 1% risk of failure)
Press: ? - help, Shift-Dir - straight line, f/p - Prince Ribbit
Aim: Prince Ribbit (heavily wounded, constricted by you, very poisoned, 100% to hit)
The magic dart hits Prince Ribbit.
Prince Ribbit is severely wounded.
You constrict Prince Ribbit. Prince Ribbit hits you!!
You die...

..
....#####
......F.#
#@######
#......##
#.......#
#.####..#
#....#..#
#.##.#..#
#.##.#..#
#...>...#
#......[#


You could see Prince Ribbit (very poisoned).

Vanquished Creatures
  Duvessa (D:4)
  2 sky beasts
  2 black bears
  An ogre (D:4)
  A centaur (D:5)
  3 phantoms
  A kobold brigand (D:6)
  2 bullfrogs
  7 scorpions
  5 wights
  Dowan (D:4)
  A howler monkey (D:6)
  3 jellies
  6 hounds
  Jessica (D:2)
  6 iguanas
  2 sleepcaps (D:5)
  9 adders
  3 ufetubi
  3 worms
  4 dart slugs
  An orc (D:7)
  8 ball pythons
  9 endoplasms
  5 giant cockroaches
  9 goblins
  7 hobgoblins
  2 jackals (D:1)
  5 quokkas
  3 bats
  5 frilled lizards
  16 kobolds
  5 rats
139 creatures vanquished.

Vanquished Creatures (others)
  3 plants (D:1)
3 creatures vanquished.

Grand Total: 142 creatures vanquished

Notes
Turn   | Place    | Note
-------+----------+-------------------------------------------
     0 | D:1      | mopl the Octopode Hedge Wizard began the quest for the Orb.
     0 | D:1      | Reached XP level 1. HP: 11/11 MP: 4/4
    25 | D:1      | Found a faded altar of an unknown god.
   155 | D:1      | Reached XP level 2. HP: 11/17 MP: 6/6
   280 | D:1      | Learned a level 2 spell: Blink
   352 | D:1      | Reached XP level 3. HP: 20/21 MP: 7/7
   685 | D:2      | Noticed Jessica
   687 | D:2      | Killed Jessica
   688 | D:2      | Reached skill level 2 in Conjurations
   688 | D:2      | Reached skill level 2 in Translocations
   730 | D:2      | Reached XP level 4. HP: 25/27 MP: 9/9
   833 | D:2      | Identified the ring "Yvalloal" {Will++ EV+5 Dex+2}
  1252 | D:3      | Learned a level 3 spell: Mephitic Cloud
  1466 | D:3      | Reached XP level 5. HP: 26/31 MP: 10/10
  1914 | D:3      | Got the Tome of Ghoulish Permutations
  2088 | D:4      | Reached skill level 4 in Spellcasting
  2088 | D:4      | Reached skill level 3 in Conjurations
  2088 | D:4      | Reached skill level 3 in Translocations
  2165 | D:4      | Reached XP level 6. HP: 36/36 MP: 12/12
  2281 | D:4      | Noticed a black bear
  2314 | D:4      | Killed a black bear
  2386 | D:4      | Found Zees's Antique Armour Shoppe.
  2391 | D:4      | Noticed Duvessa
  2392 | D:4      | Noticed Dowan
  2409 | D:4      | Killed Duvessa
  2410 | D:4      | Reached skill level 4 in Conjurations
  2410 | D:4      | Reached skill level 4 in Translocations
  2410 | D:4      | Reached XP level 7. HP: 41/41 MP: 4/14
  2418 | D:4      | Killed Dowan
  2419 | D:4      | Reached skill level 5 in Spellcasting
  2536 | D:4      | Reached skill level 5 in Conjurations
  2772 | D:4      | Identified the +3 dagger "Eto Zumm" {heavy, *Slow rElec
                  | rPois rN+}
  3148 | D:5      | Entered Level 5 of the Dungeon
  3156 | D:5      | Reached XP level 8. HP: 46/46 MP: 16/16
  3229 | D:5      | Found a snail-covered altar of Cheibriados.
  3251 | D:5      | Reached skill level 6 in Spellcasting
  3355 | D:5      | Reached skill level 6 in Conjurations
  3984 | D:6      | Reached skill level 7 in Spellcasting
  3984 | D:6      | Reached skill level 7 in Conjurations
  4196 | D:6      | Reached XP level 9. HP: 35/51 MP: 16/20
  4650 | D:6      | Reached skill level 8 in Conjurations
  4795 | D:6      | Reached skill level 8 in Spellcasting
  4917 | D:6      | Learned a level 5 spell: Irradiate
  5118 | D:7      | Reached skill level 1 in Transmutations
  5673 | D:7      | Noticed Prince Ribbit
  5686 | D:7      | Slain by Prince Ribbit

Illustrated notes

Levels and vault maps discovered:
D:1:      pf_arrival_petrified_forest, layout_loops_ring,
          hellmonk_ecumenical_altar_run_dry, chequers_big_river,
          hangedman_decor_push, chequers_serial_rivers_small_b
D:2:      layout_rooms, amcnicky_mini_corridor_feature, grunt_ministairs_13,
          uniq_jessica
D:3:      layout_basic
D:4:      minmay_clustersquares, layout_basic, serial_shops, shop, st_stairs_7,
          chequers_decorated_corner, minmay_quadrilaterals, uniq_duvessa
D:5:      layout_basic, kennysheep_slug_shrine
D:6:      layout_cave_pods, minmay_crossroads
D:7:      layout_loops_cross, minmay_temple_entry_proselytizer, serial_shops,
          shop, uniq_prince_ribbit1

Skill      XL: |  1  2  3  4  5  6  7  8  9 |
---------------+----------------------------+-----
Conjurations   | 2 3 4 5 7 8 |  8.4
Translocations | 2 3 4 |  4.0
Spellcasting   | 4 5 7 8 |  8.2
Transmutations | 1 |  1.7
Dodging        | |  2.0
Stealth        | |  2.6
Summonings     | |  1.0

Action                     |  1- 3 |  4- 6 |  7- 9 || total
---------------------------+-------+-------+-------++-------
  Melee: Dagger            |    52 |    97 |    74 ||   223
         Tentacles         |    11 |    23 |    57 ||    91
         Constrict         |    11 |    25 |    43 ||    79
         Punch             |     1 |     1 |     3 ||     5
         Quick blade       |       |       |   116 ||   116
   Cast: Magic Dart        |       |    14 |    99 ||   113
         Mephitic Cloud    |       |     3 |     2 ||     5
         Blink             |       |       |     2 ||     2
    Use: Scroll            |       |       |     5 ||     5
         Potion            |       |       |     2 ||     2
   Stab: Sleeping          |     8 |    10 |    14 ||    32
         Confused          |       |     1 |     1 ||     2
 Armour: Skin              |     3 |     1 |     6 ||    10
  Dodge: Dodged            |    15 |    77 |   129 ||   221

Table legend: (Time is in decaauts)
 A = Elapsed time spent in this place.
 B = Non-inter-level travel time spent in this place.
 C = Inter-level travel time spent in this place.
 D = Time resting spent in this place.
 E = Time spent auto-exploring this place.
 F = Levels seen in this place.
 G = Mean time per level.
                   A        B        C        D        E       F      G
               +--------+--------+--------+--------+--------+-----+--------+
         Total |   5649 |   5477 |    172 |    918 |   3385 |   7 |  807.0 |
       Dungeon |   5649 |   5477 |    172 |    918 |   3385 |   7 |  807.0 |
               +--------+--------+--------+--------+--------+-----+--------+

Top non-repeatable levels by time:
     D:6: 1424 daAuts
     D:4: 1067 daAuts
     D:5: 920 daAuts
     D:3: 848 daAuts
     D:1: 684 daAuts
     D:2: 545 daAuts
     D:7: 158 daAuts
